 Dungeon Crawl Stone Soup version 0.32-a0-779-g362cfcae2a (webtiles) character file.

Game seed: 6820963219225177727

56 cforsyth the Chopper (level 3, -4/33 HPs)
             Began as a Mountain Dwarf Cinder Acolyte on Mar 19, 2024.
             Was a High Priest of Ignis.
             Slain by an orc priest
             ... wielding a +0 falchion
              (7 damage)
             ... on level 3 of the Dungeon.
             The game lasted 00:02:27 (2087 turns).

cforsyth the Chopper (MDCA)                         Turns: 2087, Time: 00:02:28

Health: -4/33      AC:  4    Str: 15 (18) XL:     3   Next: 71%
Magic:  2/5        EV: 10    Int: 13 (14) God:    Ignis [*****.]
Gold:   95         SH:  5    Dex:  4 (5)  Spells: 3/5 levels left

rFire   + . .        a - -1 hand axe (flame)
rCold   . . .        (no shield)
rNeg    . . .        b - +0 robe
rPois   .            (no helmet)
rElec   .            (no cloak)
rCorr   .            (no gloves)
SInv    .            l - +1 pair of boots
Will    +....        d - amulet of reflection
Stlth   +            (no ring)
HPRegen 0.25/turn    (no ring)
MPRegen 0.09/turn

%: reflection
@: mighty, enlightened, flying
A: runic magic, artefact enchanting
a: Renounce Religion, Fiery Armour, Foxfire Swarm, Rising Flame


You were on level 3 of the Dungeon.
You worshipped Ignis.
Ignis was extremely pleased with you.
You visited 1 branch of the dungeon, and saw 3 of its levels.

You collected 95 gold pieces.


Innate Abilities, Weirdness & Mutations

Your spellcasting is much less encumbered by armour.
You can use scrolls of enchantment on lesser artefacts.


   Skills:
 + Level 3.7 Fighting
 + Level 4.1 Axes
 + Level 1.4 Armour
 + Level 1.5 Spellcasting
 + Level 4.1 Fire Magic


You had 3 spell levels left.
You knew the following spells:

 Your Spells              Type           Power      Damage    Failure   Level
X - Scorch                Fire           22%        2d5       8%          2

Your spell library contained the following spells:

 Spells                   Type           Power      Damage    Failure   Level
 Tukima's Dance           Hex            0%         N/A       63%         3
 Dimensional Bullseye     Hex/Tloc       0%         N/A       95%         4
 Iskenderun's Mystic Bla  Conj/Tloc      0%         2d3       95%         4

Inventory:

Hand Weapons
 a - a -1 hand axe of flaming (weapon)
Armour
 b - a +0 robe (worn)
 l - a +1 pair of boots (worn)
Jewellery
 d - an amulet of reflection (around neck)
 Z - a ring of wizardry
Wands
 m - a wand of flame (30)
Scrolls
 e - a scroll of immolation
 f - a scroll of noise {unknown}
Potions
 j - a potion of degeneration
 n - a potion of enlightenment

Dungeon Overview and Level Annotations

Branches:
Dungeon (3/15)

Altars:

Annotations:
D:3 Grinder

.......................,,,*******
........................,,,,,,,,,
........................,,*******
.>......................,,* *
..................5.....,,*
....................ยง..,,,*
....)..................,,,*
..........)))##'#.####***** ****
..........)..##.@.#*** **,,,
..........)..###o....# **,,,,
.........##### #.....# *,,,,,
.........# #..$..#* *,,,,,
#.....#### #......#*****,,,,,
####### #........,,,**,,,, *
******#....#+##**,***,,, *
*,,,,,......,,*,,,,,**+*
*,,,,,,,,,,,,,*,***,,,,,


You could see Grinder and an orc priest.


Message History

Grinder misses you.
Your magical contamination has completely faded away.
Unknown command.
You closely miss Grinder.
Grinder is heavily wounded.
Grinder hits you but does no damage.
You barely miss the orc. You hit Grinder. You burn Grinder.
Grinder blinks!
The orc hits you with a +0 short sword.
* * * LOW HITPOINT WARNING * * *
Unknown command.
Okay, then.
You hit the orc. You burn the orc.
You kill the orc!
Unknown command.
You barely miss Grinder.
Grinder is heavily wounded.
Grinder blinks!
Unknown command.
Unknown command.
You hit the orc priest. You burn the orc priest.
The orc priest is moderately wounded.
The orc priest looks encouraged for a moment.
Grinder blinks!
Unknown command.
Unknown command.
You hit the orc priest. You burn the orc priest.
The orc priest is almost dead.
The orc priest hits you with a +0 falchion!
You die...
Ignis goes out, and joins you in death.

Skill      XL: |  1  2 |
---------------+-------+-----
Armour         | 1 |  1.4
Axes           | 4 |  4.1
Fire Magic     | 4 |  4.1
Fighting       | |  3.7
Spellcasting   | |  1.5

Action                     || total
---------------------------++-------
  Melee: Hand axe          ||   105
   Cast: Scorch            ||     8
    Use: Scroll            ||     6
         Potion            ||     3
 Armour: Robe              ||    73
  Dodge: Dodged            ||    52
  Block: Other             ||    25

Levels and vault maps discovered:
D:1:      psy_arrival_radial02, layout_basic
D:2:      layout_basic, serial_corexii_hall, corexii_hall_statues_x,
          corexii_hall_statues_s, chequers_big_river
D:3:      kennysheep_six_static_rooms, layout_basic, marbit_many_paths,
          cheibrodos_sewer_entry_sluice,
          hellmonk_ecumenical_altar_leap_of_faith, serial_shops,
          nicolae_shop_back_alley_shop, uniq_jessica, uniq_grinder

Notes
Turn   | Place    | Note
-------+----------+-------------------------------------------
     0 | D:1      | cforsyth the Mountain Dwarf Cinder Acolyte began the quest
                  | for the Orb.
     0 | D:1      | Reached XP level 1. HP: 19/19 MP: 2/2
   261 | D:1      | Reached XP level 2. HP: 24/26 MP: 3/3
   947 | D:2      | Reached skill level 1 in Armour
  1019 | D:2      | Reached skill level 4 in Axes
  1019 | D:2      | Reached skill level 4 in Fire Magic
  1019 | D:2      | Reached XP level 3. HP: 11/31 MP: 3/5
  1120 | D:2      | Learned a level 2 spell: Scorch
  2071 | D:3      | Noticed Grinder
  2080 | D:3      | HP: 2/33 [Grinder/nerve-wracking pain (12)]
  2087 | D:3      | Slain by an orc priest

Vanquished Creatures
  An adder (D:2)
  A dart slug (D:2)
  6 orcs (D:3)
  5 bats
  2 endoplasms
  3 goblins
  3 hobgoblins
  2 kobolds (D:1)
  2 quokkas
  3 ball pythons
  4 frilled lizards
  6 rats
38 creatures vanquished.

Table legend: (Time is in decaauts)
 A = Elapsed time spent in this place.
 B = Non-inter-level travel time spent in this place.
 C = Inter-level travel time spent in this place.
 D = Time resting spent in this place.
 E = Time spent auto-exploring this place.
 F = Levels seen in this place.
 G = Mean time per level.
                   A        B        C        D        E       F      G
               +--------+--------+--------+--------+--------+-----+--------+
         Total |   2112 |   2056 |     56 |     84 |   1651 |   3 |  704.0 |
       Dungeon |   2112 |   2056 |     56 |     84 |   1651 |   3 |  704.0 |
               +--------+--------+--------+--------+--------+-----+--------+

Top non-repeatable levels by time:
     D:2: 1137 daAuts
     D:1: 914 daAuts
     D:3: 60 daAuts

Table legend:
 A = Non-vault XP
 B = Vault XP
 C = Vault XP percentage of total XP
 D = Non-vault monster count
 E = Vault monster count
 F = Vault count percentage of total count
                 A         B        C        D         E       F
            +---------+---------+-------+---------+---------+-------
      Total |      81 |       0 |   0.0 |      38 |       0 |   0.0
            +---------+---------+-------+---------+---------+-------
        D:1 |      29 |       0 |   0.0 |      19 |       0 |   0.0
        D:2 |      32 |       0 |   0.0 |      12 |       0 |   0.0
        D:3 |      20 |       0 |   0.0 |       7 |       0 |   0.0
            +---------+---------+-------+---------+---------+-------
